AoeStats
← 散步黑鵝

Arena

507703282Analyzed
4v4 RM · 14d ago on Sep 19, 2026· 43m 27s· 8 players
Game mode
Random Map
Map size
Large (8 player)
Population
200
Speed
Normal
Resources
Standard
Victory
Conquest
Starting age
Dark Age
Ending age
Imperial Age
RankedLock teamsTeams togetherTeam positionsShared explorationLock speedFull tech treeHidden civsTurbo modeCheats
Victory
Defeat
🇹🇼 Persians · Taiwan
2069
+5
🇭🇰 Malay · Hong Kong SAR China
2058
+5
🇹🇼 Spanish · Taiwan
2044
+6
🇹🇼 Dravidians · Taiwan
1935
+9
🇩🇪 Muisca · Germany
1808
-7
🇨🇳 Saracens · China
1802
-7
🇵🇰 Jurchens · Pakistan
1768
-6
🇫🇮 Bohemians · Finland
1742
-5
清远华
10:23 Feudal Age
14:06 Castle Age
12:41 Horse Collar
13:33 Double-Bit Axe
15:06 Bow Saw
18:00 Loom
23:19 Loom
25:22 Heavy Plow
26:21 Gold Mining
27:08 Wheelbarrow
30:06 Imperial Age
28:58 Gold Shaft Mining
28:16 Fletching
28:27 Padded Archer Armor
28:14 Elite Skirmisher
28:59 Thumb Ring
28:53 Bodkin Arrow
30:04 Hand Cart
30:11 Ballistics
32:13 Chemistry
31:15 Bracer
31:30 Leather Archer Armor
31:41 Parthian Tactics
31:47 Conscription
31:37 Bimaristan
32:04 Hoardings
32:25 Counterweights
33:25 Ring Archer Armor
34:28 Two-Man Saw
33:43 Onager
36:36 Siege Onager
41:21 Capped Ram
42:14 Elite Mameluke
43:02 Scale Barding Armor
43:08 Forging
Kaarlos
10:57 Feudal Age
14:28 Castle Age
12:44 Double-Bit Axe
13:20 Horse Collar
16:26 Bow Saw
16:02 Loom
16:53 Fervor
19:14 Sanctity
22:28 Redemption
30:49 Imperial Age
31:11 Wagenburg Tactics
33:54 Wheelbarrow
34:00 Block Printing
38:22 Heavy Plow
Mubeen
10:30 Feudal Age
14:25 Castle Age
12:33 Double-Bit Axe
12:49 Horse Collar
16:15 Bow Saw
20:13 Loom
21:29 Gold Mining
22:26 Wheelbarrow
23:43 Heavy Plow
25:05 Town Watch
28:04 Imperial Age
26:16 Scale Barding Armor
26:11 Fletching
27:27 Chain Barding Armor
27:06 Stone Mining
28:01 Bloodlines
28:42 Husbandry
29:18 Elite Steppe Lancer
30:03 Bodkin Arrow
32:36 Plate Barding Armor
32:48 Scale Mail Armor
32:09 Pikeman
32:50 Squires
32:35 Gambesons
33:59 Crop Rotation
33:04 Halberdier
34:37 Forging
34:46 Chain Mail Armor
34:57 Forging
35:45 Conscription
37:18 Iron Casting
37:15 Ballistics
37:36 Guard Tower
40:42 Blast Furnace
Jan Itor
8:06 Feudal Age
6:44 Loom
11:26 Fletching
15:37 Horse Collar
15:46 Double-Bit Axe
16:15 Horse Collar
17:53 Town Watch
22:00 Castle Age
22:53 Bow Saw
23:08 Bodkin Arrow
26:13 Wheelbarrow
27:53 Heavy Plow
32:30 Imperial Age
30:55 Masonry
30:54 Padded Archer Armor
30:45 Elite Skirmisher
32:26 Leather Archer Armor
32:55 Ballistics
33:00 Gold Mining
33:25 Bracer
34:37 Chemistry
35:02 Conscription
36:31 Squires
36:35 Elite Temple Guard
37:40 Scale Mail Armor
38:20 Forging
39:45 Chain Mail Armor
41:41 Plate Mail Armor
42:27 Iron Casting
ANKR.Navvy
10:59 Feudal Age
14:45 Castle Age
12:42 Horse Collar
14:08 Double-Bit Axe
15:36 Bow Saw
15:26 Heavy Plow
20:21 Wheelbarrow
22:21 Hand Cart
22:51 Gold Mining
23:21 Stone Mining
27:54 Imperial Age
25:41 Fletching
26:17 Ballistics
25:48 Loom
26:36 Bodkin Arrow
26:41 Padded Archer Armor
27:58 Elite Elephant Archer
28:43 Bracer
29:44 Chemistry
29:53 Husbandry
30:01 Medical Corps
30:49 Leather Archer Armor
31:52 Elite Skirmisher
33:04 Ring Archer Armor
32:42 Thumb Ring
34:22 Conscription
34:31 Onager
37:05 Coinage
36:36 Caravan
37:20 Siege Onager
38:00 Siege Elephant
39:57 Siege Onager
Nezzar
11:21 Feudal Age
15:02 Castle Age
13:14 Double-Bit Axe
13:33 Horse Collar
14:50 Bow Saw
17:57 Wheelbarrow
17:51 Light Cavalry
21:42 Redemption
22:12 Town Watch
23:04 Gold Mining
25:22 Atonement
27:03 Devotion
30:41 Imperial Age
30:38 Pikeman
32:06 Fletching
32:40 Conscription
33:05 Hand Cart
32:28 Crossbowman
33:22 Bodkin Arrow
34:28 Bracer
35:36 Arbalester
36:59 Padded Archer Armor
36:45 Loom
38:34 Chemistry
38:50 Caravan
39:04 Thumb Ring
40:41 Ballistics
41:13 Leather Archer Armor
42:25 Coinage
44:04 Banking
Rayz
10:20 Feudal Age
11:22 Double-Bit Axe
11:17 Horse Collar
14:22 Castle Age
15:09 Bow Saw
16:56 Wheelbarrow
22:17 Stone Mining
22:46 Gold Mining
29:19 Imperial Age
26:58 Scale Barding Armor
27:10 Hand Cart
26:57 Heavy Plow
28:16 Gold Shaft Mining
28:13 Chain Barding Armor
28:09 Loom
28:36 Forging
29:25 Stone Shaft Mining
29:49 Guilds
30:41 Two-Man Saw
30:23 Crop Rotation
30:30 Plate Barding Armor
30:31 Iron Casting
30:40 Conscription
29:55 Elite War Elephant
32:00 Bloodlines
31:51 Husbandry
33:45 Blast Furnace
34:51 Devotion
35:06 Caravan
36:47 Coinage
41:55 Fletching
散步黑鵝
9:02 Loom
11:08 Feudal Age
15:56 Castle Age
15:15 Double-Bit Axe
16:27 Horse Collar
20:37 Heavy Plow
25:39 Husbandry
25:49 Bloodlines
29:23 Bow Saw
34:40 Wheelbarrow
37:33 Imperial Age
35:20 Scale Mail Armor
35:13 Fletching
35:10 Elite Skirmisher
36:22 Bodkin Arrow
38:16 Redemption
38:21 Bracer
38:49 Ballistics
39:39 Chemistry
39:22 Block Printing
39:08 Devotion
40:23 Sanctity
40:39 Theocracy
40:20 Inquisition
Connection lost

Rejoining the realm…

Still unreachable

The connection could not be restored.

Session expired

The server has moved on; the page needs a fresh start.